Map: Kairos Junction LE

Players

GGnoRE

  • Race: Protoss Protoss
  • League: Master
  • Spawn Location: 11:00

Starlord - Winner!

  • Race: Terran Terran
  • League: Master
  • Spawn Location: 5:00

VOD

https://youtu.be/-YRV1j5CgVU

Description

Time

  • Played on: July 29, 2019, 9:41 p.m.
  • Length: 8:23
Show
View Real Time Build Order
Export as new Build Order

GGnoRE Protoss 

Build Orders:  

Get SALT Encoding   

  12  0:00  Probe  
  13  0:12  Probe  
  14  0:18  Pylon  
  14  0:24  Probe  
  15  0:32  Probe  
  15  0:39  Gateway  
  15  0:40  Probe  
  17  0:52  Probe  
  17  0:56  Assimilator  
  18  1:04  Probe  
  19  1:14  Pylon  
  19  1:16  Probe  
  20  1:19  Zealot  
  20  1:26  Cybernetics Core  
  22  1:37  Probe  
  23  1:49  Probe  
  24  2:03  Adept  
  24  2:08  Nexus  
  26  2:16  Probe  
  26  2:36  Probe  
  25  2:37  Adept  
  26  2:48  Probe  
  27  2:53  Robotics Facility  
  27  3:00  Probe  
  28  3:07  Assimilator, Adept  
  30  3:13  Probe  
  31  3:20  Probe  
  31  3:25  Probe  
  33  3:33  Probe  
  34  3:39  Immortal  
  31  3:48  Warp Gate  
  32  4:00  Pylon  
  35  4:21  Immortal  
  33  4:42  Probe  
  33  4:43  Pylon, Stalker  
  34  4:56  Pylon  
  34  4:57  Warp Prism  
  36  5:08  Probe  
  37  5:20  Probe  
  38  5:33  Probe  
  39  5:38  Sentry  
  41  5:45  Probe  
  42  5:57  Nexus, Probe  
  42  6:00  Observer  
  44  6:31  Immortal  
  42  6:50  Pylon  
  42  6:51  Pylon  
  42  6:52  Probe  
  43  7:04  Probe  
  43  7:06  Immortal  
  43  7:11  Probe  
  42  7:16  Probe  
  43  7:23  Probe  
  43  7:27  Robotics Bay, Probe  
  45  7:32  Probe  
  45  7:35  Probe  
  46  7:40  Probe  
  46  7:41  Pylon  
  46  7:43  Probe  
  47  7:50  Probe  
  47  7:52  Stalker  
  47  7:54  Probe  
  50  8:06  Probe x2  
Show
View Real Time Build Order
Export as new Build Order

Starlord Terran - Winner!

Build Orders:  

Get SALT Encoding   

  12  0:01  SCV  
  13  0:13  SCV  
  14  0:18  Supply Depot  
  14  0:25  SCV  
  15  0:39  SCV  
  15  0:42  Barracks  
  16  0:46  Refinery  
  16  0:52  SCV  
  17  1:01  Barracks  
  17  1:05  SCV  
  18  1:17  SCV  
  19  1:29  Reaper  
  19  1:31  Orbital Command  
  20  1:45  Supply Depot  
  20  1:56  Barracks Tech Lab  
  20  1:57  SCV  
  21  2:06  Barracks Tech Lab  
  21  2:09  SCV  
  22  2:24  SCV  
  23  2:34  Concussive Shells  
  23  2:35  Marauder x2  
  23  2:36  SCV  
  27  2:50  SCV  
  28  2:52  Supply Depot  
  28  2:56  Marauder  
  30  3:10  SCV  
  31  3:14  Marauder  
  31  3:16  Supply Depot  
  31  3:17  Marauder  
  31  3:19  Command Center  
  34  3:30  Refinery  
  34  3:36  Bunker  
  34  3:38  Supply Depot  
  34  3:44  Marauder x2  
  38  3:59  Factory  
  38  4:05  Marauder  
  40  4:12  SCV  
  40  4:16  Bunker  
  41  4:18  Supply Depot  
  40  4:35  Marauder  
  40  4:36  Stimpack  
  40  4:37  Orbital Command  
  42  4:38  SCV  
  43  4:49  Refinery  
  41  4:53  Starport  
  41  4:54  Factory Tech Lab  
  41  4:56  SCV  
  42  5:00  Marine  
  42  5:04  SCV  
  44  5:07  Marine  
  44  5:08  SCV  
  46  5:14  Combat Shield  
  46  5:16  SCV  
  46  5:18  Marine  
  48  5:24  SCV  
  48  5:26  Marauder  
  48  5:27  Engineering Bay, Barracks  
  51  5:29  Factory Reactor  
  51  5:30  SCV  
  51  5:33  Supply Depot  
  52  5:36  SCV  
  52  5:38  Marine  
  52  5:40  Refinery  
  54  5:43  Raven  
  54  5:49  Marine  
  57  5:54  SCV x2  
  57  5:56  Marine  
  60  6:06  SCV  
  60  6:07  Marine  
  62  6:14  Marine  
  63  6:22  SCV  
  63  6:24  Marine, Widow Mine  
  66  6:26  Raven  
  65  6:42  Marauder, Marine  
  67  6:47  SCV  
  67  6:49  SCV  
  67  6:50  Marine  
  67  6:54  Marine  
  71  6:55  Factory Reactor  
  71  6:57  Barracks  
  71  6:59  SCV  
  71  7:00  Marine  
  70  7:09  Raven  
  70  7:13  SCV x2  
  74  7:19  Marine  
  73  7:24  Marine x2  
  73  7:25  Marauder  
  77  7:36  Marine  
  77  7:38  SCV  
  77  7:41  Supply Depot x2  
  77  7:42  Marauder, Marine  
  82  7:46  Marauder  
  84  7:54  Marine  
  84  7:57  Marine  
  85  8:00  Marine  
  85  8:09  SCV  
Tags
 
Add a new tag
Caveats
  • Supply blocks, unpowered buildings, or Contaminate may cause inaccurate times.
  • Supply counts are checked every 10 seconds.